 Dungeon Crawl Stone Soup version 0.29.1-13-g9f3cf754e1 (webtiles) character file.

Game seed: 17030658710679258117

49976 cheesebisquit the Geomancer (level 14, -7/84 HPs)
             Began as a Gargoyle Earth Elementalist on Jan 20, 2023.
             Was a High Priest of Vehumet.
             Mangled by Donald
             ... wielding a +1 scimitar of holy wrath
              (36 damage)
             ... on level 1 of the Orcish Mines.
             The game lasted 01:50:55 (26921 turns).

cheesebisquit the Geomancer (GrEE)                 Turns: 26921, Time: 01:50:56

Health: -7/84      AC: 24    Str: 13    XL:     14   Next: 53%
Magic:  6/29       EV: 15    Int: 20    God:    Vehumet [*****.]
Gold:   771        SH:  8    Dex: 19    Spells: 13/35 levels left

rFire   . . .      SeeInvis +   x - +2 morningstar (venom)
rCold   . . .      Faith    .   S - +2 buckler
rNeg    + + .      Spirit   .   O - +0 robe of Time Monsters {rN+ Will- Regen+ Dex+4 Archmagi}
rPois   ∞          Reflect  .   s - +2 hat "Weeptosikh" {Dex+5 Stlth+}
rElec   +          Harm     .   r - +2 cloak
rCorr   .          Rampage  +   C - +2 pair of gloves
Will    +....      Archmagi +   f - +2 pair of boots {rampage}
Stlth   +++.......              d - amulet of regeneration
HPRegen 1.84/turn               q - ring of see invisible
MPRegen 0.21/turn               Y - ring of willpower

@: flying
A: sickness immunity, AC +10, big wings, negative energy resistance 1,
electricity resistance, torment resistance 1, petrification resistance
a: Renounce Religion


You were on level 1 of the Orcish Mines.
You worshipped Vehumet.
Vehumet was extremely pleased with you.
You visited 4 branches of the dungeon, and saw 20 of its levels.

You collected 1297 gold pieces.
You spent 526 gold pieces at shops.

Inventory:

Hand Weapons
 x - a +2 morningstar of venom (weapon)
 y - a +2 sling of flaming
Missiles
 e - 17 poisoned darts
 j - 5 silver javelins
 t - 27 boomerangs
 z - 144 stones
 B - 4 throwing nets
 F - 4 curare-tipped darts
 R - 3 atropa-tipped darts
Armour
 f - a +2 pair of boots of rampaging (worn)
 r - a +2 cloak (worn)
 s - the +2 hat "Weeptosikh" (worn) {Dex+5 Stlth+}
   (You found it on level 6 of the Dungeon)

   Dex:       It affects your dexterity (+5).
   Stlth:     It makes you more stealthy.
 C - a +2 pair of gloves (worn)
 D - the +1 chain mail of the World {rC+ Int+7}
   (You found it on level 6 of the Dungeon)

   Int:       It affects your intelligence (+7).
   rC:        It protects you from cold.
 K - a +2 helmet
 M - +0 steam dragon scales
 N - a +4 scale mail of cold resistance
 O - the +0 robe of Time Monsters (worn) {rN+ Will- Regen+ Dex+4 Archmagi}
   (You found it on level 11 of the Dungeon)

   Dex:       It affects your dexterity (+4).
   rN:        It protects you from negative energy.
   Regen:     It increases your rate of health regeneration.
   Archmagi:  It increases the power of your magical spells.
   Will:      It decreases your willpower.
 P - the +10 chain mail of the Six Brambles {+Blink Will++ Regen+}
   (You found it on level 5 of the Lair of Beasts)

   +Blink:    It lets you blink.
   Regen:     It increases your rate of health regeneration.
   Will:      It greatly increases your willpower.
 S - a +2 buckler (worn)
Jewellery
 d - an amulet of regeneration (around neck)
 q - a ring of see invisible (left hand)
 Y - a ring of willpower (right hand)
Wands
 i - a wand of mindburst (5)
 A - a wand of flame (16)
 G - a wand of roots (20)
 H - a wand of digging (9)
 I - a wand of polymorph (8)
 W - a wand of charming (3)
Scrolls
 g - 4 scrolls of immolation
 l - a scroll of fog
 m - 2 scrolls of fear
 n - 2 scrolls of vulnerability
 o - a scroll of torment
 v - 6 scrolls of teleportation
 w - 4 scrolls of blinking
 E - 2 scrolls of poison
 T - a scroll of amnesia
 V - 2 scrolls of silence
 X - a scroll of magic mapping {unknown}
Potions
 a - 4 potions of berserk rage
 b - 4 potions of might
 c - 2 potions of invisibility
 h - a potion of haste
 k - 4 potions of mutation
 p - a potion of curing
 u - 2 potions of cancellation
 J - a potion of resistance
 L - 2 potions of ambrosia
 Q - a potion of lignification
 Z - a potion of magic


   Skills:
 + Level 8.8 Fighting
 + Level 8.0 Maces & Flails
 - Level 6.0 Armour
 - Level 6.5 Dodging
 - Level 2.1 Stealth
 - Level 4.0 Shields
 + Level 11.1 Spellcasting
 + Level 12.5 Conjurations
 + Level 0.9 Translocations
 - Level 0.7 Transmutations
 + Level 14.4 Earth Magic


You had 13 spell levels left.
You knew the following spells:

 Your Spells              Type           Power      Damage    Failure   Level
a - Iskenderun's Mystic   Conj/Tloc      54%        2d12      1%          4
b - Stone Arrow           Conj/Erth      100%       3d13      1%          3
c - Lehudib's Crystal Sp  Conj/Erth      39%        10d10     45%         8
d - Dispersal             Tloc           11%        N/A       100%        6
z - Sandblast             Erth           100%       2d20      0%          1

Your spell library contained the following spells:

 Spells                   Type           Power      Damage    Failure   Level
 Iskenderun's Battlesphe  Conj           75%        2d12      1%          5
 Magic Dart               Conj           100%       1d8       1%          1
 Passwall                 Tmut/Erth      48%        N/A       1%          2
 Searing Ray              Conj           100%       2d8       1%          2
 Conjure Flame            Conj/Fire      52%        6-21      1%          3
 Fulminant Prism          Conj/Hex       26%        3d14      1%          4
 Sticky Flame             Conj/Fire      52%        2d7       1%          4
 Petrify                  Tmut/Erth      58%        N/A       3%          4
 Animate Armour           Summ/Erth      100%       N/A       4%          4
 Ignite Poison            Fire/Tmut/Pois 18%        N/A       6%          3
 Freezing Cloud           Conj/Ice/Air   20%        6-21      11%         5
 Gell's Gravitas          Tloc           22%        N/A       16%         3
 Teleport Other           Tloc           22%        N/A       16%         3
 Olgreb's Toxic Radiance  Pois           16%        N/A       21%         4
 Corpse Rot               Necr/Pois/Air  16%        N/A       61%         4
 Simulacrum               Ice/Necr       8%         N/A       100%        6
 Polar Vortex             Ice            8%         N/A       100%        9


Dungeon Overview and Level Annotations

Branches:
Dungeon (12/15)            Temple (1/1) D:6            Lair (5/5) D:8
  Swamp (0/4) Lair:3       Spider (0/4) Lair:2        Slime (0/5) Lair:4
    Orc (2/2) D:12
    Elf: Orc:2

Altars:
Ashenzari
Cheibriados
Dithmenos
Elyvilon
Fedhas
Gozag
Hepliaklqana
Kikubaaqudgha
Makhleb
Nemelex Xobeh
Okawaru
Qazlal
Ru
Sif Muna
Trog
Uskayaw
Vehumet
Wu Jian
Xom
Yredelemnul
Zin
The Shining One

Shops:
D:5 *   D:9 !   D:11 *   Orc:2 (

Annotations:
Lair:5 1 runed translucent door, Lutefisk's ghost, journeyman GnWn
Orc:1 Donald


Innate Abilities, Weirdness & Mutations

You are immune to sickness and miasma.
Your stone body is resilient. (AC +10)
You are immune to poison.
Your large and strong wings let you fly.
You resist negative energy. (rN+)
You are resistant to electric shocks. (rElec)
You are resistant to unholy torment.
You are immune to petrification.


Message History

Donald blocks the puff of flame.
Donald hits you but does no damage.
Aiming: Mindburst
Press: ? - help, Shift-Dir - straight line, f/p - Donald
Aim: Donald, wielding a +1 scimitar of holy wrath, wearing a +0 chain mail of poison resistance and wearing a +0 kite shield (strong, chance to affect: 6%) Donald resists with almost no effort.
Donald hits you with a +1 scimitar of holy wrath!!
You feel a surge of power!
The stone arrow hits Donald!
Donald is lightly wounded.
Donald closely misses you.
You feel a surge of power!
The stone arrow hits Donald!
Donald is moderately wounded.
You block Donald's attack.
You feel a surge of power!
The stone arrow hits Donald!
Donald is heavily wounded.
Donald mumbles some strange words.
Donald seems to speed up.
You feel a surge of power!
Donald blocks the stone arrow.
Donald hits you but does no damage.
Donald hits you with a +1 scimitar of holy wrath!
You feel a surge of power!
Donald blocks the stone arrow.
You block Donald's attack.
Aiming: Stone Arrow (safe; 1% risk of failure)
Press: ? - help, Q - select action, (/) - cycle Shift-Dir - straight line, f/p - Donald
Aim: Donald, wielding a +1 scimitar of holy wrath, wearing a +0 chain mail of poison resistance and wearing a +0 kite shield (heavily wounded, fast, strong, 87% to hit)
You feel a surge of power!
Donald blocks the stone arrow.
Donald misses you.
Donald hits you with a +1 scimitar of holy wrath!
Aiming: Stone Arrow (safe; 1% risk of failure)
Press: ? - help, Q - select action, (/) - cycle Shift-Dir - straight line, f/p - Donald
Aim: Donald, wielding a +1 scimitar of holy wrath, wearing a +0 chain mail of poison resistance and wearing a +0 kite shield (heavily wounded, fast, strong, 87% to hit)
You feel a surge of power!
Donald blocks the stone arrow.
Donald hits you with a +1 scimitar of holy wrath!
Aiming: Stone Arrow (safe; 1% risk of failure)
Press: ? - help, Q - select action, (/) - cycle Shift-Dir - straight line, f/p - Donald
Aim: Donald, wielding a +1 scimitar of holy wrath, wearing a +0 chain mail of poison resistance and wearing a +0 kite shield (heavily wounded, fast, strong, 87% to hit)
You feel a surge of power!
The stone arrow hits Donald!!
Donald is severely wounded.
Donald hits you with a +1 scimitar of holy wrath!
Donald hits you with a +1 scimitar of holy wrath!!!
You die...

#.....####....# #...
##..#...##..#.##### ##.#
####......#####..## ### ####
##.....# #...# #. ###..##
##.>#######..## ###
#.....####.#.####......###..
####..#..##.....##....#...##).
#.....#...##@#.##.....#...#..#
##...##....##@###....####..).#
##..###)).)...###....##..#..#
#...#.)#....## #))..#..##...
#.#...###.#.####).)....##...
####...#####.##.......####..
#..###...).##..))..######
#####....#..#....#..##..#
#.....#......###......
##...###......##.....#


You could see Donald (fast, strong).

Vanquished Creatures
  Kirke (D:11)
  Nessos (Lair:5)
  Harold (D:10)
  Erolcha (D:10)
  3 two-headed ogres
  A merfolk avatar (Lair:5)
  4 hydras
  10 death yaks
  A skeletal warrior (D:12)
  2 harpies (Lair:5)
  A deep elf zephyrmancer (D:12)
  2 deep elf pyromancers
  An orc sorcerer (Orc:1)
  3 oklob plants
  3 cyclopes
  3 manticores
  An ugly thing (D:11)
  Maurice (D:11)
  4 elephants
  A black mamba (Lair:5)
  An unseen horror (D:11)
  A rime drake (shapeshifter) (D:11)
  4 cane toads
  6 komodo dragons
  An efreet (D:11)
  A rime drake (Lair:3)
  4 polar bears
  A tyrant leech (Lair:3)
  2 trolls (Orc:1)
  2 snapping turtles (Lair:5)
  26 dream sheep
  10 blink frogs
  2 wind drakes
  A shadow (D:10)
  28 yaks
  6 basilisks
  A wraith (D:8)
  6 wyverns
  3 hogs
  Menkaure (D:5)
  4 steam dragons
  A swamp worm (Lair:3)
  A warg (Orc:1)
  13 water moccasins
  2 acid dragons
  A black bear (Lair:1)
  3 ice beasts (D:7)
  7 orc warriors
  2 sky beasts
  3 ogres
  3 centaurs
  15 wolves
  2 phantoms
  A kobold brigand (D:7)
  13 bullfrogs
  A gnoll sergeant (D:8)
  3 scorpions (D:5)
  A necrophage (D:7)
  8 wights
  9 killer bees
  5 howler monkeys
  A quasit (D:6)
  5 orc priests
  2 gnoll boudas
  5 hounds
  2 iguanas (D:6)
  10 orc wizards
  6 hell rats (Lair:2)
  Robin (D:2)
  2 river rats (Lair:2)
  3 adders
  26 gnolls
  4 shadow imps
  3 white imps (D:6)
  2 ufetubi
  A dart slug (D:3)
  49 orcs
  6 ball pythons
  6 bats
  11 endoplasms
  4 giant cockroaches
  25 goblins
  13 hobgoblins
  8 jackals
  2 quokkas
  7 frilled lizards
  8 kobolds
  3 rats
465 creatures vanquished.

Vanquished Creatures (others)
  A bush (Lair:5)
  3 demonic plants (D:6)
  38 fungi
  66 plants
108 creatures vanquished.

Grand Total: 573 creatures vanquished

Notes
Turn   | Place    | Note
-------+----------+-------------------------------------------
     0 | D:1      | cheesebisquit the Gargoyle Earth Elementalist began the
                  | quest for the Orb.
     0 | D:1      | Reached XP level 1. HP: 10/10 MP: 3/3
     0 | D:1      | Noticed a minotaur
     1 | D:1      | Noticed a demigod
     4 | D:1      | Noticed a formicid
     4 | D:1      | Noticed an elf
     7 | D:1      | Noticed a minotaur zombie
    13 | D:1      | Noticed a merfolk
    17 | D:1      | Noticed a vampire
   105 | D:1      | Reached skill level 4 in Earth Magic
   105 | D:1      | Reached XP level 2. HP: 4/15 MP: 1/5
   622 | D:1      | Found a faded altar of an unknown god.
   807 | D:1      | Reached XP level 3. HP: 19/19 MP: 2/6
  1429 | D:2      | Learned a level 3 spell: Stone Arrow
  1678 | D:2      | Reached XP level 4. HP: 24/24 MP: 3/8
  1750 | D:2      | Noticed Robin
  1751 | D:2      | Reached skill level 1 in Conjurations
  1762 | D:2      | Killed Robin
  2361 | D:3      | Reached skill level 5 in Earth Magic
  2361 | D:3      | Reached XP level 5. HP: 22/28 MP: 5/10
  3244 | D:3      | Reached XP level 6. HP: 32/32 MP: 9/11
  4175 | D:4      | Found a glowing silver altar of Zin.
  4176 | D:4      | Found a white marble altar of Elyvilon.
  4177 | D:4      | Found a glowing golden altar of the Shining One.
  4301 | D:4      | Found an ancient bone altar of Kikubaaqudgha.
  4811 | D:5      | Entered Level 5 of the Dungeon
  4865 | D:5      | Reached skill level 6 in Earth Magic
  5159 | D:5      | Reached XP level 7. HP: 34/36 MP: 10/13
  5339 | D:5      | Found a sparkling altar of Nemelex Xobeh.
  5468 | D:5      | Reached skill level 7 in Earth Magic
  5544 | D:5      | Reached skill level 5 in Spellcasting
  5670 | D:5      | Noticed Menkaure
  5673 | D:5      | Killed Menkaure
  5674 | D:5      | Reached skill level 5 in Conjurations
  5674 | D:5      | Reached XP level 8. HP: 41/41 MP: 5/15
  5683 | D:5      | Learned a level 8 spell: Lehudib's Crystal Spear
  5979 | D:5      | Found Redaiwk's Elemental Accessories.
  6525 | D:6      | Found a staircase to the Ecumenical Temple.
  6536 | Temple   | Entered the Ecumenical Temple
  6550 | Temple   | Became a worshipper of Vehumet
  6731 | D:6      | HP: 2/41 [orc priest/divine providence (14)]
  6948 | D:6      | Identified the +1 chain mail of the World {rC+ Int+7}
  6978 | D:6      | Reached skill level 8 in Earth Magic
  7243 | D:6      | HP: 2/41 [orc priest/divine providence (16)]
  7264 | D:6      | HP: 2/41 [orc warrior/+0 halberd (11)]
  7643 | D:6      | Reached XP level 9. HP: 45/45 MP: 11/18
  7734 | D:6      | Found a sacrificial altar of Ru.
  7862 | D:6      | Found an opulent altar of Gozag.
  7907 | D:6      | Identified the +2 hat "Weeptosikh" {Dex+5 Stlth+}
  8195 | D:7      | Reached skill level 9 in Earth Magic
  8294 | D:7      | Reached * piety under Vehumet
  8294 | D:7      | Offered knowledge of Foxfire by Vehumet.
  8460 | D:7      | Noticed a +0 dagger
  8464 | D:7      | Noticed a +0 falchion
  8471 | D:7      | Noticed a +0 dagger
  8473 | D:7      | Noticed a +0 short sword
  8477 | D:7      | Noticed a +0 short sword
  8574 | D:7      | Found a hide-covered altar of Uskayaw.
  8574 | D:7      | Noticed a +0 falchion
  8577 | D:7      | Noticed a +0 spear
  8577 | D:7      | Noticed a +0 spear
  9559 | D:8      | Found a staircase to the Lair.
  9820 | D:8      | Reached skill level 10 in Earth Magic
 10167 | D:8      | Reached ** piety under Vehumet
 10167 | D:8      | Offered knowledge of Freeze by Vehumet.
 10217 | D:8      | Reached XP level 10. HP: 50/50 MP: 9/21
 11124 | D:9      | Found Hesiar's Distillery.
 11134 | D:9      | Bought a potion of degeneration for 15 gold pieces
 11134 | D:9      | Bought a potion of curing for 45 gold pieces
 11134 | D:9      | Bought a potion of curing for 45 gold pieces
 11134 | D:9      | Bought a potion of heal wounds for 75 gold pieces
 11134 | D:9      | Bought a potion of flight for 45 gold pieces
 11134 | D:9      | Bought a potion of haste for 150 gold pieces
 11143 | D:9      | Found a burning altar of Makhleb.
 11143 | D:9      | Found an iron altar of Okawaru.
 11270 | D:9      | Found a flagged portal.
 11932 | D:9      | Found a hazy altar of Hepliaklqana.
 12060 | D:10     | Entered Level 10 of the Dungeon
 12395 | D:10     | Reached skill level 11 in Earth Magic
 12774 | D:10     | Found a basalt altar of Yredelemnul.
 13191 | D:11     | Reached skill level 1 in Maces & Flails
 13193 | D:11     | Reached skill level 1 in Fighting
 13193 | D:11     | Reached skill level 1 in Armour
 13300 | D:11     | Noticed Harold
 13364 | D:10     | Killed Harold
 13519 | D:11     | Noticed Erolcha
 13535 | D:10     | Killed Erolcha
 13718 | D:11     | Reached XP level 11. HP: 53/58 MP: 16/23
 14090 | D:11     | Noticed a two-headed ogre
 14646 | D:11     | Noticed Maurice
 14651 | D:11     | Noticed a two-headed ogre
 14784 | D:10     | Killed a two-headed ogre
 15136 | D:11     | Identified the +0 robe of Time Monsters {rN+ Will- Regen+
                  | Dex+4 Archmagi}
 15196 | D:11     | Noticed a cyan ugly thing
 15199 | D:11     | Killed a cyan ugly thing
 15378 | D:11     | Killed a two-headed ogre
 15460 | D:11     | Found Loetuero's Assorted Antiques.
 15468 | D:11     | Bought a scroll of identify for 62 gold pieces
 15468 | D:11     | Bought a scroll of identify for 62 gold pieces
 15486 | D:11     | Killed Maurice
 15487 | D:11     | Reached skill level 10 in Conjurations
 15496 | D:11     | Bought a fuming purple potion for 27 gold pieces
 15582 | D:12     | Noticed a deep elf pyromancer
 15582 | D:12     | Noticed a seven-headed hydra
 15588 | D:12     | Killed a seven-headed hydra
 15590 | D:12     | Noticed a two-headed ogre
 15600 | D:11     | Killed a deep elf pyromancer
 15601 | D:11     | Reached skill level 12 in Earth Magic
 15737 | D:12     | Killed a two-headed ogre
 15798 | D:12     | Noticed a manticore
 15802 | D:12     | Killed a manticore
 15941 | D:12     | Noticed Kirke
 16025 | D:12     | Noticed a sphinx
 16047 | D:11     | Killed Kirke
 16047 | D:11     | Offered knowledge of Conjure Flame by Vehumet.
 16048 | D:11     | Reached XP level 12. HP: 46/68 MP: 20/25
 16267 | D:12     | Reached skill level 5 in Fighting
 16291 | D:12     | Reached skill level 5 in Armour
 16611 | D:12     | Found a staircase to the Orcish Mines.
 17305 | Lair:1   | Entered Level 1 of the Lair of Beasts
 17310 | Lair:1   | Reached *** piety under Vehumet
 17394 | Lair:1   | Reached skill level 5 in Maces & Flails
 17395 | Lair:1   | Reached skill level 1 in Shields
 17553 | Lair:1   | Noticed a seven-headed hydra
 17554 | Lair:1   | Offered knowledge of Dazzling Flash by Vehumet.
 17562 | Lair:1   | Killed a seven-headed hydra
 17694 | Lair:1   | Identified the +5 plate armour of Card Tricks {Str+2}
 18811 | Lair:2   | Reached skill level 5 in Dodging
 18963 | Lair:2   | Found a hole to the Spider Nest.
 19227 | Lair:2   | Reached **** piety under Vehumet
 19233 | Lair:2   | Offered knowledge of Freezing Cloud by Vehumet.
 19965 | Lair:3   | Reached XP level 13. HP: 74/74 MP: 23/26
 19972 | Lair:3   | Reached skill level 13 in Earth Magic
 20198 | Lair:3   | Found a staircase to the Swamp.
 20207 | Lair:3   | Reached skill level 10 in Spellcasting
 21419 | Lair:4   | Got Rijuud's Exposition on Hyperbolic Poison
 21854 | Lair:4   | Found a staircase to the Slime Pits.
 22208 | Lair:5   | Entered Level 5 of the Lair of Beasts
 22605 | Lair:5   | Identified the +10 chain mail of the Six Brambles {+Blink
                  | Will++ Regen+}
 23865 | Lair:5   | Reached ***** piety under Vehumet
 24168 | Lair:5   | Found a runed translucent door.
 24175 | Lair:5   | Offered knowledge of Iskenderun's Battlesphere by Vehumet.
 24180 | Lair:5   | Gained mutation: Your large and strong wings let you fly.
                  | [Gargoyle growth]
 24180 | Lair:5   | Reached XP level 14. HP: 83/83 MP: 7/28
 24459 | Lair:5   | Identified the +8 trident of Blood {venom, Will+ rCorr
                  | Dex+3}
 24459 | Lair:5   | Noticed Nessos
 24464 | Lair:5   | Killed Nessos
 24513 | Lair:5   | Reached skill level 14 in Earth Magic
 25368 | Lair:5   | Found a shimmering altar of Xom.
 25368 | Lair:5   | Identified the +9 great sword "Okhaggirch" {chaos, Str+2
                  | Int+3}
 25368 | Lair:5   | Noticed Lutefisk's ghost (journeyman GnWn)
 25580 | D:12     | Learned a level 4 spell: Iskenderun's Mystic Blast
 25587 | D:12     | Learned a level 6 spell: Dispersal
 25588 | Orc:1    | Entered Level 1 of the Orcish Mines
 26739 | Orc:2    | Entered Level 2 of the Orcish Mines
 26739 | Orc:2    | Noticed Donald
 26739 | Orc:2    | Found Peaderph's Weapon Emporium.
 26921 | Orc:1    | Mangled by Donald

Illustrated notes

Levels and vault maps discovered:
D:1:      shiori_arrival_whats_in_store_for_you, layout_loops_ring,
          shapermc_ecumenical_altar_acropolis
D:2:      layout_rooms, minmay_octomino_j4, uniq_robin
D:3:      layout_loops_corners, kennysheep_nub, kennysheep_potato
D:4:      minmay_general_purpose_star, layout_loops_ring, good_gods_temple_1,
          lemuel_round_altar, patterned_corridor
D:5:      layout_loops_corners, kennysheep_mini, nicolae_elemental_shop,
          uniq_menkaure
D:6:      layout_basic, grunt_gozag_breadcrumbs,
          mainiacjoe_overflow_surrounded_room, minmay_temple_entry_slanted,
          serial_demonic, serial_demonic_a, serial_demonic_d, serial_demonic_f,
          serial_demonic_g
D:7:      layout_basic, nicolae_uskayaw_en_pointe, nicolae_titane
D:8:      layout_loops_ring, lair_entry_dummy, grunt_decor_one_mirror,
          minivault_24
D:9:      layout_loops_ring, nicolae_hepliaklqana_hippocampus,
          chequers_temple_overflow_statue_of_worship, enter_bailey_5,
          serial_shops, nicolae_shop_statue_plus
D:10:     layout_loops_cross, lemuel_coloured_pillars_altar
D:11:     minmay_cornered_nines, layout_cave_pools, serial_shops, shop,
          uniq_maurice, uniq_harold, uniq_erolcha
D:12:     layout_cave_pools, orc_0_dummy, billiards_dpeg, uniq_kirke
Temple:   nicolae_temple_two_arcs
Lair:1:   layout_loops_ring, serial_bayou_pond_e, small_statue_intersection,
          grunt_megastairs_2
Lair:2:   layout_cave_shapes, spider_nest_entry_web_field, pond,
          lemuel_fruit_fields
Lair:3:   layout_hall_layers, minmay_swamp_entry_worms,
          infiniplex_staircase_pool
Lair:4:   layout_long_grid, minmay_slime_entry_oklob_open,
          gauntlet_entry_generic, grunt_megastairs_3
Lair:5:   gammafunk_lair_ancient_temple, layout_loops_ring, ebering_ghost_xom,
          infiniplex_staircase_pool_2, uniq_nessos
Orc:1:    layout_diamond_mine, nicolae_orc_rockfall
Orc:2:    grunt_orc_cross, layout_caves, basic_altar, serial_shops, shop, shop,
          nicolae_shop_statue_plus, uniq_donald

Skill      XL: |  1  2  3  4  5  6  7  8  9 10 11 12 13 14 |
---------------+-------------------------------------------+-----
Earth Magic    | 4 5 6 7 8 10 11 12 13 14 | 14.4
Spellcasting   | 3 4 5 6 7 8 9 10 11 | 11.1
Conjurations   | 1 2 3 5 6 8 9 10 11 12 | 12.5
Maces & Flails | 2 4 5 7 8 |  8.0
Fighting       | 2 4 6 7 8 |  8.8
Armour         | 2 4 6 |  6.0
Dodging        | 2 4 5 6 |  6.5
Shields        | 2 4 |  4.0
Stealth        | |  2.1
Translocations | |  0.9
Transmutations | |  0.7

Action                   |  1- 3 |  4- 6 |  7- 9 | 10-12 | 13-15 || total
-------------------------+-------+-------+-------+-------+-------++-------
Melee: Dagger            |     8 |       |       |       |       ||     8
       Club              |     4 |       |       |       |       ||     4
       Mace              |       |    18 |       |       |       ||    18
       Morningstar       |       |     9 |    43 |    60 |   103 ||   215
       Unarmed           |       |       |       |     4 |       ||     4
 Cast: Sandblast         |    59 |    94 |   118 |     4 |     1 ||   276
       Stone Arrow       |       |       |    65 |   286 |   364 ||   715
Evoke: Wand              |       |       |       |       |     2 ||     2
  Use: Potion            |     1 |     2 |     8 |     6 |    10 ||    27
       Scroll            |       |     3 |     1 |    19 |     7 ||    30
Armor: Robe              |     5 |       |       |    45 |    93 ||   143
       Leather armour    |     3 |    47 |    85 |   112 |       ||   247
Dodge: Dodged            |    16 |    48 |    89 |   117 |   124 ||   394
Block: Buckler           |       |       |       |    13 |    91 ||   104
